 Dungeon Crawl Stone Soup version 0.28-a0-1524-ge72afd5fc6 (webtiles) character file.

Game seed: 9642342546848280978

193 dolemite99 the Skirmisher (level 5, -1/46 HPs)
             Began as a Minotaur Enchanter on Jan 18, 2022.
             Was an Initiate of Okawaru.
             Slain by a sky beast (3 damage)
             ... on level 3 of the Dungeon.
             The game lasted 00:03:35 (4228 turns).

dolemite99 the Skirmisher (Minotaur Enchanter)      Turns: 4228, Time: 00:03:36

Health: -1/46      AC:  6    Str: 15    XL:     5   Next: 43%
Magic:  6/6        EV:  9    Int: 12    God:    Okawaru [......]
Gold:   170        SH:  4    Dex: 10    Spells: 6/6 levels left

rFire   . . .      SeeInvis .   q - +0 rapier
rCold   . . .      Faith    .   r - +0 buckler
rNeg    . . .      Spirit   .   k - +0 scale mail
rPois   .          Reflect  .   (helmet restricted)
rElec   .          Harm     .   (no cloak)
rCorr   .          Rampage  .   (no gloves)
Will    .....                   (no boots)
Stlth   ..........              (no amulet)
HPRegen 0.15/turn               (no ring)
MPRegen 0.10/turn               (no ring)

@: no status effects
A: horns 2, retaliatory headbutt
a: Renounce Religion


You were on level 3 of the Dungeon.
You worshipped Okawaru.
Okawaru was noncommittal.
You visited 1 branch of the dungeon, and saw 3 of its levels.

You collected 170 gold pieces.

Inventory:

Hand Weapons
 a - a +1 dagger
 j - a +0 short sword
 q - a +0 rapier (weapon)
Missiles
 l - 61 stones (quivered)
 p - 11 bolts
Armour
 e - a +0 ring mail
 k - a +0 scale mail (worn)
 m - a +0 kite shield
 r - a +0 buckler (worn)
Jewellery
 c - an amulet of the acrobat
Wands
 i - a wand of flame (23)
Scrolls
 b - a scroll of fear {unknown}
 d - a scroll of amnesia {unknown}
 g - 2 scrolls of identify {unknown}
 n - a scroll of magic mapping {unknown}
Potions
 f - 3 potions of curing
 h - a potion of lignification {unknown}
 o - a potion of might {unknown}
 s - a potion of resistance {unknown}
 t - a potion of brilliance {unknown}


   Skills:
 - Level 4.3 Fighting
 + Level 3.7 Short Blades
 - Level 2.1 Dodging
 - Level 2.4 Stealth
 + Level 2.0 Shields
 - Level 1.3 Spellcasting
 - Level 2.0 Hexes


You had 6 spell levels left.
You didn't know any spells.
Your spell library contained the following spells:

 Spells                   Type           Power      Damage    Failure   Level
 Ensorcelled Hibernation  Hex/Ice        6%         N/A       85%         2
 Confusing Touch          Hex            5%         N/A       91%         3
 Dazzling Flash           Conj/Hex       6%         N/A       97%         3
 Portal Projectile        Hex/Tloc       6%         N/A       97%         3
 Blade Hands              Tmut           0%         N/A       100%        5
 Excruciating Wounds      Necr           0%         N/A       100%        5
 Tukima's Dance           Hex            Unusable   N/A       N/A         3

Dungeon Overview and Level Annotations

Branches:
Dungeon (3/15)

Altars:
Okawaru

Portals:
Abyss: D:1***


Innate Abilities, Weirdness & Mutations

You have a pair of horns on your head.
You reflexively headbutt those who attack you in melee.


Message History

The sky beast hits you. The sky beast shocks you.
It was a potion of curing.
You feel better. You block the frilled lizard's attack.
The sky beast barely misses you.
The sky beast hits you but does no damage.
Okay, then.
You closely miss the frilled lizard.
The frilled lizard bites you but does no damage.
The sky beast hits you. The sky beast shocks you.
A ball python comes into view.
The ball python hisses angrily.
You hit the sky beast.
The sky beast is lightly wounded.
The frilled lizard bites you but does no damage.
The sky beast hits you but does no damage.
You puncture the frilled lizard!
You kill the frilled lizard!
Okawaru accepts your kill.
You closely miss the sky beast.
You headbutt the sky beast, but do no damage.
The sky beast is lightly wounded.
The sky beast hits you but does no damage.
You hit the sky beast.
The sky beast is moderately wounded.
You block the sky beast's attack.
You barely miss the sky beast. You headbutt the sky beast.
The sky beast is heavily wounded.
The sky beast flickers out of sight!
Deactivating autopickup; reactivate with Ctrl-A.
Something hits you. Something shocks you.
You completely miss something. Something hits you. Something shocks you.
* * * LOW HITPOINT WARNING * * *
You puncture something! Something hits you.
* * * LOW HITPOINT WARNING * * *
Something shocks you.
* * * LOW HITPOINT WARNING * * *
Something hits you but does no damage.
You barely miss something.
A sky beast appears from thin air!
Reactivating autopickup.
The sky beast hits you.
You die...

#...............# ###.......#
#..........รท....# ####....#
#...............# #.##..##
#...............# ####.###..##
#...............#####....<......
..#.......................###....
#........#..##...###...##..##....
######.....###.#.#.#.#.###.......
####..###..@#.#...###..#....
#.....###Y..###.....# ... #...#.#
#.#.# #.#.).# ##
#.....##.#.#.##({...#
#..###..#.#.#..###g.# #..# ..#.#
#.#(..#..# #..###..#. .#..###..#
#... .## ##. ...# #...# #...#


You could see a sky beast.

Vanquished Creatures
  Jessica (D:2)
  Terence (D:2)
  Robin (D:3)
  3 adders
  2 worms (D:2)
  A dart slug (D:1)
  An orc (D:3)
  5 ball pythons
  5 bats
  8 endoplasms
  4 giant cockroaches
  16 goblins
  8 hobgoblins
  8 jackals (D:3)
  3 kobolds
  4 quokkas
  6 frilled lizards
  7 rats
84 creatures vanquished.

Notes
Turn   | Place    | Note
-------+----------+-------------------------------------------
     0 | D:1      | dolemite99 the Minotaur Enchanter began the quest for the
                  | Orb.
     0 | D:1      | Reached XP level 1. HP: 14/14 MP: 1/1
    35 | D:1      | Reached skill level 1 in Fighting
   439 | D:1      | Reached skill level 2 in Fighting
   439 | D:1      | Reached XP level 2. HP: 24/24 MP: 3/3
   769 | D:1      | Reached skill level 3 in Fighting
   871 | D:1      | Reached XP level 3. HP: 21/31 MP: 4/4
  1177 | D:2      | Noticed Terence
  1183 | D:2      | Killed Terence
  1184 | D:2      | Reached skill level 4 in Fighting
  1439 | D:2      | Reached XP level 4. HP: 30/40 MP: 5/5
  1829 | D:2      | Noticed Jessica
  1866 | D:2      | Killed Jessica
  2840 | D:3      | Noticed Robin
  2949 | D:2      | Reached XP level 5. HP: 44/46 MP: 6/6
  3011 | D:3      | Noticed a sky beast
  3015 | D:3      | Reached skill level 1 in Shields
  3801 | D:3      | Killed Robin
  4024 | D:3      | Found an iron altar of Okawaru.
  4030 | D:3      | Became a worshipper of Warmaster Okawaru
  4227 | D:3      | HP: 1/46 [something (6)]
  4228 | D:3      | Slain by a sky beast

Illustrated notes

Levels and vault maps discovered:
D:1:      minmay_arrival_glassed_features, layout_rooms
D:2:      wad_crossroads, layout_basic, kennysheep_minor_cross, uniq_terence,
          uniq_jessica
D:3:      layout_rooms, mainiacjoe_overflow_alcove_1,
          chequers_ecumenical_altar_grove, minmay_starry_boxes, uniq_robin

Skill      XL: |  1  2  3  4  5 |
---------------+----------------+-----
Fighting       | 2 3 4 |  4.3
Short Blades   | 3 |  3.7
Shields        | 2 |  2.0
Dodging        | |  2.1
Stealth        | |  2.4
Spellcasting   | |  1.3
Hexes          | |  2.0

Action                   |  1- 3 |  4- 6 || total
-------------------------+-------+-------++-------
Melee: Dagger            |    75 |       ||    75
       Headbutt          |    15 |    22 ||    37
       Punch             |     1 |       ||     1
       Short sword       |    11 |    97 ||   108
       Rapier            |       |    47 ||    47
Throw: Stone             |     6 |    31 ||    37
  Use: Potion            |       |     2 ||     2
 Stab: Sleeping          |     2 |       ||     2
       Invisible         |       |     2 ||     2
Armor: Robe              |     3 |       ||     3
       Ring mail         |    24 |       ||    24
       Scale mail        |     3 |    82 ||    85
Dodge: Dodged            |    48 |    58 ||   106
Block: Kite shield       |     1 |    65 ||    66
       Buckler           |       |     4 ||     4

Table legend: (Time is in decaauts)
 A = Elapsed time spent in this place.
 B = Non-inter-level travel time spent in this place.
 C = Inter-level travel time spent in this place.
 D = Time resting spent in this place.
 E = Time spent auto-exploring this place.
 F = Levels seen in this place.
 G = Mean time per level.
                   A        B        C        D        E       F      G
               +--------+--------+--------+--------+--------+-----+--------+
         Total |   4272 |   4168 |    104 |   1822 |   1518 |   3 | 1424.0 |
       Dungeon |   4272 |   4168 |    104 |   1822 |   1518 |   3 | 1424.0 |
               +--------+--------+--------+--------+--------+-----+--------+

Top non-repeatable levels by time:
     D:2: 2624 daAuts
     D:1: 1064 daAuts
     D:3: 583 daAuts
